Map: Ultralove

Players

WerderJens - Winner!

  • Race: Protoss Protoss
  • League: Gold
  • Spawn Location: 7:00

Sindyr

  • Race: Zerg Zerg
  • League: Master
  • Spawn Location: 1:00

VOD

Have the link to the VOD?

Description

Time

  • Played on: Sept. 15, 2025, 12:59 p.m.
  • Length: 6:04
Show
View Real Time Build Order
Export as new Build Order

WerderJens Protoss - Winner!

Build Orders:  

Get SALT Encoding   

  12  0:00  Probe  
  13  0:13  Pylon  
  13  0:17  Probe  
  14  0:25  Probe  
  14  0:33  Probe  
  15  0:38  Gateway  
  16  0:44  Probe  
  16  0:48  Assimilator  
  17  0:56  Probe  
  18  1:05  Gateway  
  18  1:09  Pylon  
  18  1:13  Probe  
  19  1:25  Gateway  
  19  1:31  Pylon  
  19  1:37  Zealot  
  21  1:51  Cybernetics Core  
  21  1:52  Zealot  
  23  2:04  Zealot  
  25  2:12  Zealot  
  27  2:21  Pylon  
  27  2:22  Zealot  
  29  2:29  Twilight Council  
  29  2:35  Zealot  
  31  2:47  Charge, Gateway  
  31  2:53  Zealot  
  33  3:00  Pylon  
  33  3:12  Zealot  
  35  3:19  Zealot  
  37  3:27  Sentry  
  39  3:39  Stalker, Zealot  
  43  3:57  Stalker  
  43  4:01  Zealot  
  47  4:08  Zealot  
  49  4:17  Probe, Pylon  
  50  4:29  Probe  
  51  4:41  Probe  
  52  4:56  Zealot x4  
Show
View Real Time Build Order
Export as new Build Order

Sindyr Zerg 

Build Orders: Hatch First 

Get SALT Encoding   

  12  0:02  Drone  
  13  0:13  Overlord  
  13  0:24  Drone  
  14  0:35  Drone x2  
  16  0:46  Drone  
  17  0:54  Drone  
  18  0:58  Hatchery, Drone  
  18  1:01  Extractor  
  17  1:08  Drone  
  18  1:18  Spawning Pool  
  18  1:20  Drone  
  18  1:29  Drone  
  19  1:39  Overlord  
  19  1:51  Drone  
  20  2:04  Drone  
  21  2:12  Queen x2  
  21  2:14  Zergling x4  
  27  2:20  Drone  
  28  2:28  Drone  
  29  2:31  Overlord  
  29  2:40  Metabolic Boost  
  29  2:45  Drone x2  
  29  2:47  Drone  
  32  3:04  Drone x3  
  35  3:06  Drone  
  36  3:15  Overlord  
  36  3:22  Lair  
  36  3:27  Extractor  
  36  3:30  Extractor x2, Drone x3  
  36  3:31  Drone x2  
  38  3:40  Drone x3  
  38  3:41  Drone  
  42  3:43  Drone  
  43  3:51  Roach Warren  
  42  3:57  Roach Warren  
  42  4:00  Evolution Chamber  
  40  4:06  Drone  
  40  4:07  Drone x5  
  46  4:19  Drone  
  46  4:20  Drone x4  
  51  4:29  Overlord  
  52  4:50  Baneling Nest  
  51  4:55  Spine Crawler  
  50  5:00  Spine Crawler x2  
  50  5:02  Spine Crawler  
  50  5:06  Spine Crawler  
  46  5:08  Spine Crawler  
  46  5:09  Roach  
  46  5:10  Roach x6, Spine Crawler  
  46  5:12  Zergling x2  
  46  5:13  Zergling x2  
  58  5:16  Zergling x2  
  48  5:22  Roach x2  
  48  5:23  Roach  
  41  5:36  Roach x2  
Tags
 
Matchup
PvZ
Replay Pack
Multiplayer
Spawn Locations
Cross Positions
Add a new tag
Caveats
  • Supply blocks, unpowered buildings, or Contaminate may cause inaccurate times.
  • Supply counts are checked every 10 seconds.